 Seeded DCSS version 0.29.0-13-gc9e81de378 (webtiles) character file.

Game seed: 9198181566794552244 (custom seed)

434 nickcage the Spear-Bearer (level 7, -6/50 HPs)
             Began as a Merfolk Gladiator on Sept 7, 2022.
             Succumbed to a water moccasin's poison
             ... on level 5 of the Dungeon.
             The game lasted 00:06:56 (3515 turns).

nickcage the Spear-Bearer (Merfolk Gladiator)       Turns: 3515, Time: 00:06:56

Health: -6/50      AC: 10    Str: 16    XL:     7   Next: 0%
Magic:  7/7        EV:  8    Int:  7    God:
Gold:   230        SH:  0    Dex: 16    Spells: 6/6 levels left

rFire   . . .      SeeInvis .   h - +2 glaive (protect)
rCold   . . .      Faith    .   (shield currently unavailable)
rNeg    . . .      Spirit   .   f - +1 chain mail
rPois   .          Reflect  .   c - +0 helmet
rElec   .          Harm     .   (no cloak)
rCorr   .          Rampage  .   (no gloves)
Will    .....                   (no boots)
Stlth   ..........              (no amulet)
HPRegen 0.16/turn               (no ring)
MPRegen 0.10/turn               (no ring)

@: lethally poisoned (-6 -> -37)
A: (nimble swimmer 2), mertail
a: no special abilities


You were on level 5 of the Dungeon.
You visited 1 branch of the dungeon, and saw 5 of its levels.

You collected 230 gold pieces.

Inventory:

Hand Weapons
 a - a +0 trident
 h - a +2 glaive of protection (weapon)
Missiles
 d - 5 throwing nets
 e - a javelin
 j - 4 poisoned darts (quivered)
Armour
 b - a +0 leather armour
 c - a +0 helmet (worn)
 f - a +1 chain mail (worn)
Scrolls
 g - 2 scrolls of teleportation
 o - a scroll of silence {unknown}
Potions
 i - a potion of might
 k - 2 potions of curing {unknown}
 l - 2 potions of brilliance
 m - a potion of berserk rage {unknown}
 n - 3 potions of lignification {unknown}
 p - 2 potions of ambrosia
 s - 2 potions of attraction {unknown}
 t - a potion of mutation {unknown}


   Skills:
 - Level 2.1 Fighting
 + Level 10.0 Polearms
 - Level 2.0 Throwing
 - Level 4.0 Dodging


You had 6 spell levels left.
You didn't know any spells.
Your spell library contained the following spells:

 Spells                   Type           Power      Damage    Failure   Level
 Necrotise                Necr           0%         1d4       100%        1
 Vampiric Draining        Necr           0%         2d6       100%        3
 Agony                    Necr           0%         N/A       100%        5
 Blade Hands              Tmut           0%         N/A       100%        5
 Irradiate                Conj/Tmut      0%         3d11      100%        5
 Dragon Form              Tmut           0%         N/A       100%        7


Dungeon Overview and Level Annotations

Branches:
Dungeon (5/15)
 Temple: D:4-7

Altars:
Dithmenos
Qazlal
Trog

Annotations:
D:5 Pikel


Innate Abilities, Weirdness & Mutations

((You are very nimble when in or above water. (Stealth+, EV+, Speed+++)))
Your lower body shifts to a powerful aquatic tail in water.


Message History

You slash the water moccasin!
The water moccasin is heavily wounded.
The water moccasin bites you but does no damage.
You barely miss the water moccasin.
The water moccasin is heavily wounded.
The water moccasin bites you but does no damage.
The water moccasin barely misses you.
You miss the water moccasin.
The water moccasin is heavily wounded.
The water moccasin bites you.
You are poisoned.
The water moccasin poisons you!
The water moccasin bites you but does no damage.
You barely miss the water moccasin.
The water moccasin is heavily wounded.
You feel very sick. The water moccasin bites you.
You are lethally poisoned!
The water moccasin poisons you!
You are too injured to fight recklessly!
You are too injured to fight recklessly!
You are too injured to fight recklessly!
You are too injured to fight recklessly!
You barely miss the water moccasin.
The water moccasin is heavily wounded.
* * * LOW HITPOINT WARNING * * *
You feel extremely sick.
The water moccasin bites you but does no damage. x2
You miss the water moccasin.
The water moccasin is heavily wounded.
* * * LOW HITPOINT WARNING * * *
You feel very sick.
The water moccasin bites you but does no damage.
The water moccasin bites you.
* * * LOW HITPOINT WARNING * * *
You are more poisoned.
The water moccasin poisons you!
You barely miss the water moccasin.
The water moccasin is heavily wounded.
You die...

+.......#.#
####......#
##.#.###
########.# #....#
#†# #.##.###.#
#.##...#.#
###.####.#..§...#
#...5KS@........#
#..55###.#......#
#.. #.##.##### .
#.##.# #....#
######


You could see Pikel, a water moccasin and 3 lemures.

Vanquished Creatures
  An ogre (D:4)
  A lemure (D:5)
  A scorpion (D:4)
  2 hounds (D:4)
  8 adders
  7 gnolls (D:3)
  2 dart slugs
  5 orcs
  9 ball pythons
  5 bats
  9 endoplasms
  7 giant cockroaches
  13 goblins
  7 hobgoblins
  2 jackals (D:1)
  6 kobolds
  A quokka (D:3)
  5 frilled lizards
  3 rats
94 creatures vanquished.

Vanquished Creatures (others)
  2 plants (D:2)
2 creatures vanquished.

Grand Total: 96 creatures vanquished

Notes
Turn   | Place    | Note
-------+----------+-------------------------------------------
     0 | D:1      | nickcage the Merfolk Gladiator began the quest for the Orb.
     0 | D:1      | Reached XP level 1. HP: 16/16 MP: 1/1
   167 | D:1      | Reached XP level 2. HP: 22/22 MP: 2/2
   189 | D:1      | Reached skill level 5 in Polearms
   655 | D:1      | Reached XP level 3. HP: 24/27 MP: 3/3
  1090 | D:2      | Reached skill level 6 in Polearms
  1251 | D:2      | Found a faded altar of an unknown god.
  1370 | D:2      | Found a bloodstained altar of Trog.
  1392 | D:2      | Reached XP level 4. HP: 33/33 MP: 4/4
  1870 | D:3      | Identified a scroll of acquirement
  1870 | D:3      | Acquired a +1 glaive of protection
  1935 | D:3      | Reached skill level 7 in Polearms
  2099 | D:3      | Reached XP level 5. HP: 32/38 MP: 5/5
  2346 | D:3      | Reached skill level 8 in Polearms
  2763 | D:4      | Reached XP level 6. HP: 44/44 MP: 6/6
  2828 | D:4      | Reached skill level 9 in Polearms
  2854 | D:4      | Found a stormy altar of Qazlal.
  2881 | D:4      | Identified the +4 short sword of Law {spect, rN+ MP+9}
  3181 | D:4      | Reached skill level 10 in Polearms
  3429 | D:5      | Entered Level 5 of the Dungeon
  3473 | D:5      | Reached XP level 7. HP: 50/50 MP: 7/7
  3475 | D:5      | Found a shadowy altar of Dithmenos.
  3487 | D:5      | Noticed Pikel
  3514 | D:5      | HP: 2/50 [water moccasin (5)]
  3515 | D:5      | Succumbed to a water moccasin's poison

Illustrated notes

Levels and vault maps discovered:
D:1:      eino_arrival_cavern_a, layout_loops_ring
D:2:      layout_basic, shapermc_ecumenical_altar_ellora, basic_altar
D:3:      layout_loops_ring, amethyst_killhole
D:4:      layout_rooms, lemuel_crystal_altar, serial_rivers,
          chequers_serial_rivers_large_b, chequers_serial_rivers_marsh,
          chequers_serial_rivers_micro_d, chequers_serial_rivers_micro_c
D:5:      layout_loops_corners, kennysheep_mini_moat, grunt_dithmenos_smoke,
          gammafunk_ghost_necromancy, serial_shops,
          nicolae_shop_bloodbath_and_beyond, corexii_corridor_pit, uniq_pikel

Skill      XL: |  1  2  3  4  5  6 |
---------------+-------------------+-----
Polearms       | 5 6 7 8 10 | 10.0
Fighting       | |  2.1
Throwing       | |  2.0
Dodging        | |  4.0

Action                   |  1- 3 |  4- 6 |  7- 9 || total
-------------------------+-------+-------+-------++-------
Melee: Trident           |   140 |    39 |       ||   179
       Glaive            |       |   114 |    26 ||   140
  Use: Scroll            |       |    11 |       ||    11
Armor: Chain mail        |    83 |    82 |    14 ||   179
Dodge: Dodged            |    44 |    52 |    11 ||   107
